 Dungeon Sprint DCSS version 0.29-a0-362-g5854e031c7 (webtiles) character file.

Game seed: 5741426226535811060

50625 mhtbhm the End of an Era (level 14, -8/219 HPs)
             Began as a Minotaur Fighter on Apr 25, 2022.
             Was the Champion of Qazlal.
             Mangled by Cerebov
             ... wielding the +6 sword of Cerebov {flame}
              (30 damage)
             ... in the Dungeon (Sprint VII: "The Pits") on Apr 29, 2022.
             The game lasted 00:17:30 (5605 turns).

mhtbhm the End of an Era (Minotaur Fighter)         Turns: 5605, Time: 00:17:30

Health: -8/219     AC: 24    Str: 28    XL:     14   Next: 20%
Magic:  24/27      EV:  9    Int: 11    God:    Qazlal [******]
Gold:   55         SH: 28    Dex:  5    Spells: 13/13 levels left

rFire   . . .      SeeInvis +   a - +5 broad axe
rCold   + + .      Faith    .   c - +1 tower shield
rNeg    + . .      Spirit   .   b - +3 chain mail {rC+}
rPois   +          Reflect  .   (helmet restricted)
rElec   +          Harm     .   d - +1 cloak
rCorr   .          Rampage  .   u - +0 pair of gloves
Will    +....      NoTele   +   j - +0 pair of boots {Fly}
Stlth   ..........              (no amulet)
HPRegen 0.46/turn               E - ring "Oveiddo" {*Slow rElec rPois rC+ rN+}
MPRegen 0.20/turn               D - ring "Onulocvi" {rPois Str+2 Int+6 Dex-5 SInv}

@: berserking (expiring), fire vulnerable, protected from fire, flying, hasted,
repel missiles, very quick
A: horns 2, retaliatory headbutt
a: Renounce Religion, Upheaval, Elemental Force, Disaster Area


You were in the Dungeon.
You worshipped Qazlal.
Qazlal was exalted by your worship.
You visited 1 branch You collected 55 gold pieces.

Inventory:

Hand Weapons
 a - a +5 broad axe (weapon)
Missiles
 s - 15 javelins (quivered)
 B - 9 boomerangs
Armour
 b - a +3 chain mail of cold resistance (worn)
 c - a +1 tower shield (worn)
 d - a +1 cloak (worn)
 j - a +0 pair of boots of flying (worn)
 u - a +0 pair of gloves (worn)
 F - a +0 crystal plate armour
Jewellery
 p - the ring "Raeweagump" {Wiz Str+4}
   (You took it off a purple draconian in the Dungeon)

   [ring of wizardry]

   It improves your spell success rate.
   Str:       It affects your strength (+4).
 t - a ring of poison resistance
 z - a ring of ice
 C - a ring of protection from cold
 D - the ring "Onulocvi" (right hand) {rPois Str+2 Int+6 Dex-5 SInv}
   (You found it in the Dungeon)

   [ring of intelligence]

   Str:       It affects your strength (+2).
   Int:       It affects your intelligence (+6).
   Dex:       It affects your dexterity (-5).
   rPois:     It protects you from poison.
   SInv:      It lets you see invisible.
 E - the ring "Oveiddo" (left hand) {*Slow rElec rPois rC+ rN+}
   (You took it off a vampire mage in the Dungeon)

   [ring of poison resistance]

   rC:        It protects you from cold.
   rElec:     It insulates you from electricity.
   rPois:     It protects you from poison.
   rN:        It protects you from negative energy.
   *Slow:     It may slow you when you take damage.
Scrolls
 l - 5 scrolls of amnesia
 v - 5 scrolls of identify
 w - 4 scrolls of enchant armour
 x - 2 scrolls of fog
 y - 2 scrolls of fear
Potions
 e - 7 potions of curing
 f - 6 potions of heal wounds
 h - 2 potions of magic
 i - 2 potions of berserk rage
 k - a potion of invisibility
 o - a potion of resistance
 q - 3 potions of mutation
 A - a potion of attraction


   Skills:
 + Level 19.6 Fighting
 + Level 20.8 Axes
 + Level 19.5 Armour
 + Level 4.9 Dodging
 + Level 2.9 Stealth
 + Level 21.2 Shields
 * Level 21.3 Invocations


You had 13 spell levels left.
You didn't know any spells.
Your spell library contained the following spells:

 Spells                   Type           Power      Damage    Failure   Level
 Summon Small Mammal      Summ           0%         N/A       88%         1
 Call Canine Familiar     Summ           0%         N/A       99%         3
 Ignite Poison            Fire/Tmut/Pois 0%         N/A       99%         3
 Mephitic Cloud           Conj/Pois/Air  0%         N/A       99%         3
 Summon Guardian Golem    Hex/Summ       0%         N/A       99%         3
 Tukima's Dance           Hex            0%         N/A       99%         3
 Passage of Golubria      Tloc           0%         N/A       100%        4
 Freezing Cloud           Conj/Ice/Air   0%         6-21      100%        5
 Yara's Violent Unravell  Hex/Tmut       0%         3d3       100%        5


Dungeon Overview and Level Annotations

Branches:
Dungeon (1/1)

Altars:
Ashenzari
Cheibriados
Dithmenos
Elyvilon
Fedhas
Gozag
Hepliaklqana
Kikubaaqudgha
Makhleb
Nemelex Xobeh
Okawaru
Qazlal
Ru
Sif Muna
Trog
Uskayaw
Vehumet
Wu Jian
Xom
Yredelemnul
Zin
The Shining One
Beogh
Jiyva
Lugonu

Annotations:
D Cerebov


Innate Abilities, Weirdness & Mutations

You have a pair of horns on your head.
You reflexively headbutt those who attack you in melee.


Message History

Unknown command.
You barely miss Cerebov. You headbutt Cerebov.
Cerebov is moderately wounded.
You hit the hellion.
Cerebov shouts, "Beg for mercy, thou ducking swag-bellied cross-patch!"
Cerebov hits you with the +6 sword of Cerebov {flame}!!!
* * * LOW HITPOINT WARNING * * *
Cerebov burns you!
* * * LOW HITPOINT WARNING * * *
You slash Cerebov! You headbutt Cerebov.
Cerebov is moderately wounded.
You slice the hellion!!
You kill the hellion!
The hellion disappears in a puff of smoke!
Cerebov shouts, "I shall devour thy mind!"
Cerebov gestures.
You slash Cerebov! Your headbutt misses Cerebov.
Cerebov is moderately wounded.
You slash the balrug! You slash the hellion! You slash the Brimstone Fiend!
The Brimstone Fiend disappears in a puff of smoke!
You block Cerebov's attack.
Unknown command.
You slice Cerebov!!
Cerebov is moderately wounded.
You completely miss the balrug. You slice the hellion!!
You slice the Brimstone Fiend!!
The hellion is engulfed in freezing vapours.
You kill the hellion!
The hellion disappears in a puff of smoke!
The balrug hits you with a +4 demon whip of flaming!
* * * LOW HITPOINT WARNING * * *
You are engulfed in flames!
You feel more protected from fire.
* * * LOW HITPOINT WARNING * * *
You feel more protected from fire. The balrug burns you.
* * * LOW HITPOINT WARNING * * *
You block the Brimstone Fiend's attack. x3
Cerebov hits you with the +6 sword of Cerebov {flame}!!
You die...

#.# #)#
################'#
............[...)#
[)..........)....#
'##############..#
)..#[[[[#[.#[[#.§#
...##''##[[#[[#1&#
...#....#..[..#2@#
.###....####..#○1#
.[.........'..#☼.#
........####..#..#
))####..#.....#..#
..#..#..#[[#[[#..#
.##..'..#.[#[[#..#
###############++#


You could see Cerebov (fast), 2 Brimstone Fiends and a balrug (summoned).

Vanquished Creatures
  An orb of fire (D)
  A death cob (D)
  A titan (D)
  An emperor scorpion (D)
  A draconian scorcher (D)
  A ghost moth (D)
  2 orc warlords (D)
  A spriggan defender (D)
  An ophan (D)
  An apis (D)
  A vampire knight (D)
  2 minotaurs (D)
  A purple draconian (D)
  A merfolk javelineer (D)
  A merfolk impaler (D)
  4 vault guards (D)
  A two-headed ogre (D)
  A death knight (D)
  3 catoblepae (D)
  2 deep troll shamans (D)
  A dancing weapon (D)
  A death yak (D)
  A vampire mage (D)
  2 deep elf knights (D)
  A fire crab (D)
  5 hell knights (D)
  2 swamp dragons (D)
  2 deep trolls (D)
  A lindwurm (D)
  A wizard (D)
  8 orc knights (D)
  3 deep elf zephyrmancers (D)
  A phantasmal warrior (D)
  A deep elf pyromancer (D)
  An orc sorcerer (D)
  An elephant (D)
  2 manticores (D)
  A rust devil (D)
  An eye of devastation (D)
  An orange demon (D)
  2 efreet (D)
  An ice devil (D)
  A troll (D)
  2 wandering mushrooms (D)
  2 red devils (D)
  A hornet (D)
  A tyrant leech (D)
  4 merfolk (D)
  3 jumping spiders (D)
  2 vampires (D)
  A wyvern (D)
  A basilisk (D)
  A water elemental (D)
  A small abomination (D)
  A warg (D)
  4 floating eyes (D)
  A water moccasin (D)
  2 ice beasts (D)
  7 wolves (D)
  2 centaurs (D)
  2 necrophages (D)
  5 wights (D)
  A quasit (D)
  An iron imp (D)
  An orc priest (D)
  A gnoll shaman (D)
  2 iguanas (D)
  4 orc wizards (D)
  2 hell rats (D)
  An adder (D)
  3 river rats (D)
  5 gnolls (D)
  An ufetubus (D)
  An adder zombie (D)
  8 orcs (D)
  A bat skeleton (D)
  2 endoplasms (D)
  3 jackals (D)
  4 quokkas (D)
  2 kobolds (D)
  A quokka simulacrum (D)
  A rat (D)
157 creatures vanquished.

Vanquished Creatures (collateral kills)
  2 daevas (D)
  A vault guard (D)
  A hydra (D)
  A deep elf knight (D)
  3 orc knights (D)
8 creatures vanquished.

Vanquished Creatures (others)
  A gnoll (D)
  A jackal (D)
2 creatures vanquished.

Grand Total: 167 creatures vanquished

Notes
Turn   | Place    | Note
-------+----------+-------------------------------------------
     0 | D        | mhtbhm the Minotaur Fighter began the quest for the Orb.
     0 | D        | Reached XP level 1. HP: 19/19 MP: 0/0
   140 | D        | Found a bloodstained altar of Trog.
   140 | D        | Found a shimmering blue altar of Sif Muna.
   140 | D        | Found a viscous altar of Jiyva.
   140 | D        | Found a hazy altar of Hepliaklqana.
   140 | D        | Found an opulent altar of Gozag.
   141 | D        | Found a glowing golden altar of the Shining One.
   141 | D        | Found a glowing silver altar of Zin.
   141 | D        | Found a basalt altar of Yredelemnul.
   141 | D        | Found a shimmering altar of Xom.
   141 | D        | Found an ornate altar of the Wu Jian Council.
   141 | D        | Found a sacrificial altar of Ru.
   141 | D        | Found a stormy altar of Qazlal.
   141 | D        | Found an iron altar of Okawaru.
   141 | D        | Found a sparkling altar of Nemelex Xobeh.
   141 | D        | Found a burning altar of Makhleb.
   141 | D        | Found a blossoming altar of Fedhas.
   141 | D        | Found a white marble altar of Elyvilon.
   141 | D        | Found a shadowy altar of Dithmenos.
   141 | D        | Found a snail-covered altar of Cheibriados.
   143 | D        | Found a radiant altar of Vehumet.
   143 | D        | Found a corrupted altar of Lugonu.
   144 | D        | Found a hide-covered altar of Uskayaw.
   144 | D        | Found an ancient bone altar of Kikubaaqudgha.
   144 | D        | Found a broken altar of Ashenzari.
   150 | D        | Became a worshipper of Qazlal Stormbringer
   163 | D        | Noticed a floating eye
   164 | D        | Paralysed by a floating eye for 4 turns
   170 | D        | Killed a floating eye
   171 | D        | Reached XP level 2. HP: 31/31 MP: 0/3
   171 | D        | Reached XP level 3. HP: 38/38 MP: 0/4
   171 | D        | Reached XP level 4. HP: 45/45 MP: 0/5
   178 | D        | Reached * piety under Qazlal
   235 | D        | Reached ** piety under Qazlal
   236 | D        | Reached XP level 5. HP: 33/52 MP: 5/7
   245 | D        | Reached skill level 5 in Axes
   247 | D        | Reached *** piety under Qazlal
   248 | D        | Reached skill level 5 in Invocations
   248 | D        | Reached XP level 6. HP: 39/62 MP: 6/9
   251 | D        | Reached skill level 1 in Dodging
   483 | D        | Reached **** piety under Qazlal
   485 | D        | Noticed a floating eye
   486 | D        | Paralysed by a floating eye for 2 turns
   494 | D        | Paralysed by a floating eye for 3 turns
   497 | D        | Killed a floating eye
   503 | D        | Reached ***** piety under Qazlal
   506 | D        | Reached XP level 7. HP: 68/70 MP: 10/10
   578 | D        | Reached skill level 10 in Fighting
   601 | D        | Reached ****** piety under Qazlal
   759 | D        | Noticed a basilisk
   759 | D        | Noticed a jumping spider
   763 | D        | Killed a jumping spider
   764 | D        | Reached skill level 10 in Armour
   764 | D        | Reached skill level 10 in Shields
   764 | D        | Reached XP level 8. HP: 81/81 MP: 12/12
   767 | D        | Reached skill level 10 in Axes
   919 | D        | Noticed a jumping spider
   928 | D        | Killed a jumping spider
   988 | D        | Noticed an orc sorcerer
   988 | D        | Noticed a swamp dragon
   999 | D        | Noticed a hellwing
  1001 | D        | Killed a swamp dragon
  1002 | D        | Reached XP level 9. HP: 56/89 MP: 14/14
  1003 | D        | Killed an orc sorcerer
  1272 | D        | Noticed a phantasmal warrior
  1276 | D        | Noticed a deep elf zephyrmancer
  1278 | D        | Killed a phantasmal warrior
  1281 | D        | Killed a deep elf zephyrmancer
  1282 | D        | Reached skill level 10 in Invocations
  1287 | D        | Noticed an efreet
  1294 | D        | Killed an efreet
  1298 | D        | Noticed a merfolk
  1298 | D        | Noticed a merfolk
  1298 | D        | Noticed a merfolk
  1298 | D        | Noticed a merfolk
  1299 | D        | Noticed a merfolk javelineer
  1299 | D        | Noticed a wandering mushroom
  1303 | D        | Killed a wandering mushroom
  1303 | D        | Killed a merfolk
  1303 | D        | Killed a merfolk
  1304 | D        | Reached XP level 10. HP: 58/99 MP: 7/16
  1309 | D        | Killed a merfolk javelineer
  1310 | D        | Paralysed by a hornet for 3 turns
  1561 | D        | Noticed a manticore
  1561 | D        | Noticed a death yak
  1564 | D        | Killed a manticore
  1565 | D        | Reached skill level 15 in Axes
  1565 | D        | Noticed a manticore
  1569 | D        | Killed a death yak
  1581 | D        | Killed a manticore
  1801 | D        | Noticed an orange demon
  1801 | D        | Noticed a deep elf pyromancer
  1801 | D        | Noticed a swamp dragon
  1801 | D        | Noticed a minotaur
  1801 | D        | Noticed a wizard
  1802 | D        | Noticed a deep elf zephyrmancer
  1805 | D        | Killed a wizard
  1806 | D        | Reached XP level 11. HP: 99/107 MP: 9/18
  1809 | D        | Reached skill level 15 in Shields
  1811 | D        | Killed a swamp dragon
  1815 | D        | Killed a minotaur
  1816 | D        | Killed a deep elf pyromancer
  1821 | D        | Killed a deep elf zephyrmancer
  1832 | D        | Upgraded the game from 0.29-a0-352-g0917bc69df to
                  | 0.29-a0-362-g5854e031c7
  2105 | D        | Noticed a lindwurm
  2114 | D        | Killed a lindwurm
  2115 | D        | Reached skill level 15 in Armour
  2284 | D        | Paralysed by a floating eye for 4 turns
  2398 | D        | Noticed a catoblepas
  2408 | D        | Killed a catoblepas
  2409 | D        | Reached skill level 15 in Fighting
  2523 | D        | Noticed a death knight
  2537 | D        | Killed a death knight
  2898 | D        | Noticed a daeva
  2898 | D        | Noticed a daeva
  2898 | D        | Noticed an ophan
  2898 | D        | Noticed a hell knight
  2898 | D        | Noticed a hell knight
  2898 | D        | Noticed a hell knight
  2898 | D        | Noticed a hell knight
  2898 | D        | Noticed a hell knight
  2899 | D        | Killed a hell knight
  2899 | D        | Killed a hell knight
  2899 | D        | Killed a hell knight
  2900 | D        | Reached XP level 12. HP: 99/122 MP: 12/21
  2901 | D        | Killed an ophan
  2914 | D        | Killed a daeva
  2914 | D        | Killed a daeva
  2935 | D        | Got the ring "Onulocvi" {rPois Str+2 Int+6 Dex-5 SInv}
  3220 | D        | Noticed a six-headed hydra
  3231 | D        | Killed an eight-headed hydra
  3235 | D        | Noticed a merfolk impaler
  3236 | D        | Reached skill level 15 in Invocations
  3239 | D        | Killed a merfolk impaler
  3239 | D        | Identified the ring "Raeweagump" {Wiz Str+4}
  3239 | D        | Noticed a purple draconian
  3242 | D        | Noticed a ghost moth
  3242 | D        | Noticed a deep troll shaman
  3244 | D        | Identified the ring "Oveiddo" {*Slow rElec rPois rC+ rN+}
  3244 | D        | Noticed a vampire mage
  3252 | D        | Killed a purple draconian
  3307 | D        | Noticed a two-headed ogre
  3307 | D        | Killed a deep troll shaman
  3307 | D        | Killed a ghost moth
  3308 | D        | Noticed a vampire knight
  3314 | D        | Noticed a minotaur
  3326 | D        | Killed a two-headed ogre
  3326 | D        | Noticed a deep troll shaman
  3330 | D        | Killed a deep troll shaman
  3330 | D        | Killed a vampire knight
  3331 | D        | Reached XP level 13. HP: 23/132 MP: 8/24
  3347 | D        | Killed a minotaur
  3830 | D        | Noticed a red draconian scorcher
  3845 | D        | Killed a red draconian scorcher
  3994 | D        | Noticed a death cob
  3995 | D        | Noticed an orc warlord
  3995 | D        | Noticed an orc warlord
  3997 | D        | Noticed an emperor scorpion
  3998 | D        | Killed an orc warlord
  4003 | D        | Killed a death cob
  4005 | D        | Killed an orc warlord
  4006 | D        | Reached skill level 1 in Stealth
  4393 | D        | Killed an emperor scorpion
  4817 | D        | Found the +3 Elemental Staff {rElec rF++ rC++ AC+5}
  4967 | D        | Noticed an apis
  4974 | D        | Killed an apis
  4975 | D        | Reached XP level 14. HP: 146/146 MP: 27/27
  4977 | D        | Noticed an orb of fire
  4998 | D        | Killed an orb of fire
  5001 | D        | Noticed a spriggan defender
  5030 | D        | Killed a spriggan defender
  5371 | D        | Noticed a titan
  5381 | D        | Killed a titan
  5561 | D        | Found the +6 sword of Cerebov {flame}
  5561 | D        | Noticed Cerebov
  5585 | D        | Noticed a balrug
  5604 | D        | Noticed a balrug
  5604 | D        | Noticed a Brimstone Fiend
  5604 | D        | Noticed a Brimstone Fiend
  5604 | D        | Noticed a Brimstone Fiend
  5605 | D        | Mangled by Cerebov

Illustrated notes

Levels and vault maps discovered:
D:        pitsprint [storerooms_1, entrance_room_1, metal_vault_1, armoury_1,
          mini_pit_1, grid_room_1, main_hall_1, silver_pit, the_coven_1,
          the_vestibule_1, steel_vault_2, golden_pit, hallway_of_sentries,
          crystal_vault_2, iron_vault_3, final_vault]

Skill      XL: |  1  2  3  4  5  6  7  8  9 10 11 12 13 14 |
---------------+-------------------------------------------+-----
Fighting       | 6 7 8 9 10 11 12 13 15 17 19 | 19.6
Armour         | 6 7 8 9 10 11 13 14 15 17 19 | 19.5
Shields        | 6 7 8 9 10 11 13 14 16 18 20 21 | 21.2
Axes           | 4 6 7 9 11 13 16 18 19 20 | 20.8
Invocations    | 3 4 5 6 7 9 10 11 13 17 20 21 | 21.3
Dodging        | 1 2 3 4 |  4.9
Stealth        | 2 |  2.9

Action                   |  1- 3 |  4- 6 |  7- 9 | 10-12 | 13-15 || total
-------------------------+-------+-------+-------+-------+-------++-------
Melee: Hand axe          |     4 |    40 |    52 |       |       ||    96
       War axe           |     4 |       |    34 |   148 |    64 ||   250
       Headbutt          |     2 |     5 |    19 |    35 |    29 ||    90
       Broad axe         |       |       |       |       |    76 ||    76
Invok: Disaster Area     |       |       |     1 |     7 |     2 ||    10
       Elemental Force   |       |       |       |     2 |     5 ||     7
       Upheaval          |       |       |       |     1 |     1 ||     2
  Use: Potion            |       |     2 |       |     9 |    15 ||    26
       Scroll            |       |       |       |     1 |     2 ||     3
 Stab: Petrified         |       |       |       |       |     2 ||     2
Armor: Scale mail        |     7 |     6 |       |       |       ||    13
       Chain mail        |       |    14 |    29 |    41 |     6 ||    90
       Crystal plate arm |       |       |       |    38 |    12 ||    50
       Plate armour      |       |       |       |       |    30 ||    30
Dodge: Dodged            |     4 |    21 |    27 |    45 |    26 ||   123
       Repelled          |       |       |       |       |     5 ||     5
Block: Buckler           |     3 |    11 |    57 |    99 |    63 ||   233
       Tower shield      |       |       |       |       |    56 ||    56

Table legend: (Time is in decaauts)
 A = Elapsed time spent in this place.
 B = Non-inter-level travel time spent in this place.
 C = Inter-level travel time spent in this place.
 D = Time resting spent in this place.
 E = Time spent auto-exploring this place.
 F = Levels seen in this place.
 G = Mean time per level.
                   A        B        C        D        E       F      G
               +--------+--------+--------+--------+--------+-----+--------+
         Total |   5523 |   5523 |      0 |   3422 |    160 |   1 | 5523.0 |
       Dungeon |   5523 |   5523 |      0 |   3422 |    160 |   1 | 5523.0 |
               +--------+--------+--------+--------+--------+-----+--------+

Top non-repeatable levels by time:
       D: 5523 daAuts
